 Dungeon Crawl Stone Soup version 0.31-a0-163-gb40cd77e26 (webtiles) character file.

Game seed: 16748679299819428403

333 qw the Shooter (level 6, -1/37 HPs)
             Began as a Gargoyle Hunter on June 13, 2023.
             Was a Follower of Okawaru.
             Slain by Edmund
             ... wielding a +3 dire flail of draining
              (10 damage)
             ... on level 4 of the Dungeon.
             The game lasted 00:01:02 (3292 turns).

qw the Shooter (Gargoyle Hunter)                    Turns: 3292, Time: 00:01:03

Health: -1/37      AC: 11    Str: 14    XL:     6   Next: 53%
Magic:  4/6        EV: 13    Int: 10    God:    Okawaru [*.....]
Gold:   152        SH:  0    Dex: 15    Spells: 5/5 levels left

rFire   . . .        Y - +2 shortbow
rCold   . . .        (shield currently unavailable)
rNeg    + . .        h - +0 ring mail
rPois   inf          (no helmet)
rElec   +            (no cloak)
rCorr   .            (no gloves)
SInv    .            (no boots)
Will    .....        (no amulet)
Stlth   +++          (no ring)
HPRegen 0.26/turn    (no ring)
MPRegen 0.10/turn

%: no passive effects
@: about to teleport, heroic
A: sickness immunity, AC +4, negative energy resistance 1, electricity
resistance, torment resistance 1, petrification resistance
a: Renounce Religion, Heroism


You were on level 4 of the Dungeon.
You worshipped Okawaru.
Okawaru was aware of your devotion.
You visited 1 branch of the dungeon, and saw 4 of its levels.

You collected 152 gold pieces.


Innate Abilities, Weirdness & Mutations

You are immune to sickness and miasma.
Your stone body is resilient. (AC +4)
You are immune to poison.
You resist negative energy. (rN+)
You are resistant to electric shocks. (rElec)
You are resistant to unholy torment.
You are immune to petrification.


   Skills:
 + Level 3.3(8.3) Fighting
 - Level 6.9(11.9) Ranged Weapons
 - Level 2.0(7.0) Armour
 - Level 1.5(6.5) Dodging
 - Level 1.1(6.1) Stealth
 + Level 0.0 Invocations


You had 5 spell levels left.
You didn't know any spells.
Your spell library was empty.

Inventory:

Hand Weapons
 Y - a +2 shortbow (weapon)
Armour
 h - a +0 ring mail (worn)
Jewellery
 e - an amulet of guardian spirit
Wands
 l - a wand of digging (5)
Scrolls
 a - a scroll of identify
 j - a scroll of teleportation
 k - 2 scrolls of vulnerability {unknown}
 n - a scroll of torment {unknown}
Potions
 b - a potion of haste
 c - a potion of mutation
 d - a potion of cancellation
 f - a potion of brilliance {unknown}
 g - 2 potions of lignification {unknown}
 i - a potion of ambrosia {unknown}
 m - a potion of curing

Dungeon Overview and Level Annotations

Branches:
Dungeon (4/15)
 Temple: D:4-7

Altars:
Gozag
Hepliaklqana
Makhleb
Okawaru
Qazlal
Uskayaw
Vehumet
Xom
The Shining One

Shops:
D:1 =

Annotations:
D:3 3 runed translucent doors, qw's ghost, amateur NaHu
D:4 2 transporters, Edmund


Message History

There is an open door here.
Edmund the Younger comes into view.
He is wielding a +3 dire flail of draining.
Edmund shouts!
Enter note:
Enter note:
Enter note:
Enter note:
Enter note:
Enter note:
Enter note:
Enter note:
Enter note:
Enter note:
Enter note:
Enter note:
3284 ||| INVOKING Heroism.
You gain the combat prowess of a mighty hero.
You shoot an arrow. The arrow hits Edmund!
Edmund is lightly wounded.
You shoot an arrow. The arrow hits Edmund.
Edmund is moderately wounded.
You shoot an arrow. The arrow hits Edmund.
Edmund is heavily wounded.
Edmund hits you with a +3 dire flail of draining.
You shoot an arrow. The arrow completely misses Edmund.
Edmund hits you with a +3 dire flail of draining!
You shoot an arrow. The arrow hits Edmund.
Edmund is heavily wounded.
Edmund hits you but does no damage.
You shoot an arrow. The arrow hits Edmund!
Edmund is severely wounded.
Edmund hits you with a +3 dire flail of draining!
3291 ||| READING 2 scrolls of teleportation.
As you read the scroll of teleportation, it crumbles to dust.
You feel strangely unstable. Edmund completely misses you.
You shoot an arrow. The arrow hits Edmund.
Edmund is severely wounded.
Edmund hits you with a +3 dire flail of draining!
You die...

...........'.........'.......#.#
####....####.........##.#...##.#
#.#.## ##.......###........#
#.### ##.....## #####.#### #.###
##...## #.# ##...## ##'### #.#
#.....# #...# #.# #.....# #.#.#
#.# #.....# #@#.#### #:# ##...##
#..@.#....#####.# ##.##
#.#######.......# #.# ..
#....####### #.########## #.####
#....###___###.#
######....._#..# ###..######
#....#


You could see Edmund.

Vanquished Creatures
  Grinder (D:4)
  2 hounds
  Ijyb (D:3)
  A dart slug (D:1)
  2 orcs (D:3)
  3 bats
  3 endoplasms
  3 giant cockroaches (D:1)
  5 goblins
  9 hobgoblins
  4 quokkas
  6 ball pythons
  3 frilled lizards
  6 kobolds
  3 rats
52 creatures vanquished.

Notes
Turn   | Place    | Note
-------+----------+-------------------------------------------
     0 | D:1      | qw the Gargoyle Hunter began the quest for the Orb.
     0 | D:1      | Reached XP level 1. HP: 12/12 MP: 1/1
     0 | D:1      | 0 ||| qw: Version: 0.2-a-29-gc1b59c4
     0 | D:1      | 0 ||| qw: Game counter: 4449
     0 | D:1      | 0 ||| qw: Always use a shield: true
     0 | D:1      | 0 ||| qw: God list: Okawaru
     0 | D:1      | 0 ||| qw: Allow faded altars: false
     0 | D:1      | 0 ||| qw: Do Orc after D:15 true
     0 | D:1      | 0 ||| qw: Do second Lair branch before Depths: true
     0 | D:1      | 0 ||| qw: Lair rune preference: random
     0 | D:1      | 0 ||| qw: Plans: Normal, Zot:1-4, Slime:5, God:TSO, Crypt,
                  | Tomb, Abyss, Pan, Hells, Win
     0 | D:1      | 0 ||| PLANNING D:1-11
     8 | D:1      | Found Conau's Jewellery Emporium.
    17 | D:1      | 17 ||| SHOPLISTING +4 ring of protection (432 gold, have
                  | 8).
    17 | D:1      | 17 ||| SHOPLISTING +6 ring of dexterity (432 gold, have 8).
    17 | D:1      | 17 ||| SHOPLISTING amulet of regeneration (360 gold, have
                  | 8).
    17 | D:1      | 17 ||| SHOPLISTING ring of ice (300 gold, have 8).
    17 | D:1      | 17 ||| SHOPLISTING ring of resist corrosion (240 gold, have
                  | 8).
   153 | D:1      | Reached XP level 2. HP: 8/17 MP: 2/2
   572 | D:1      | Reached XP level 3. HP: 21/21 MP: 3/3
   621 | D:1      | Reached skill level 5 in Ranged Weapons
   944 | D:1      | 944 ||| READING scroll labelled TIAXIQ GIARUKH.
   945 | D:1      | 945 ||| READING scroll labelled ICUS JAETTE.
   950 | D:1      | 950 ||| READING scroll labelled ESHROM VUAL.
   951 | D:1      | 951 ||| READING 2 scrolls labelled ETTUCI ACUO.
   952 | D:1      | 952 ||| READING scroll labelled AMYVUFONUM.
   953 | D:1      | 953 ||| READING scroll labelled RUELLERIBA.
   954 | D:1      | 954 ||| DRINKING 2 fuming ruby potions.
   955 | D:1      | 955 ||| DROPPING scroll of butterflies.
   956 | D:1      | 956 ||| DROPPING scroll of revelation.
   957 | D:1      | 957 ||| DROPPING potion of degeneration.
  1153 | D:2      | Found a faded altar of an unknown god.
  1490 | D:2      | 1490 ||| UPGRADING to +0 ring mail.
  1500 | D:2      | 1500 ||| DROPPING +0 leather armour.
  1501 | D:2      | 1501 ||| UPGRADING to amulet of guardian spirit.
  1506 | D:2      | 1506 ||| READING 2 scrolls labelled COAGEH KUYDOUM.
  1507 | D:2      | 1507 ||| READING scroll labelled RUHATA KYIN.
  1508 | D:2      | 1508 ||| DRINKING 2 amethyst potions.
  1606 | D:3      | Found a runed translucent gate.
  1606 | D:3      | Found an opulent altar of Gozag.
  1630 | D:3      | You fall into a shaft and drop 1 floor!
  1695 | D:3      | Found a runed translucent gate.
  1695 | D:3      | Found a runed translucent gate.
  1697 | D:3      | Noticed qw's ghost (amateur NaHu)
  1698 | D:3      | Noticed a sky beast
  1735 | D:3      | Noticed Ijyb
  1736 | D:3      | 1736 ||| DRINKING potion of curing.
  1736 | D:3      | 1736 ||| (to cure confusion)
  1783 | D:3      | HP: 5/22 [Ijyb/+0 club (2)]
  1788 | D:3      | HP: 3/22 [Ijyb/+0 club (2)]
  1789 | D:3      | HP: 1/22 [Ijyb/+0 club (2)]
  1791 | D:3      | Killed Ijyb
  1792 | D:3      | Reached XP level 4. HP: 3/27 MP: 0/4
  1965 | D:3      | Reached skill level 3 in Fighting
  2273 | D:3      | Found an iron altar of Okawaru.
  2274 | D:3      | 2274 ||| PLANNING OKAWARU WORSHIP
  2274 | D:3      | 2274 ||| READING scroll labelled KOINEPTEMP.
  2275 | D:3      | 2275 ||| READING 4 scrolls of identify.
  2275 | D:3      | 2275 ||| IDENTIFYING emerald potion
  2276 | D:3      | 2276 ||| READING 3 scrolls of identify.
  2276 | D:3      | 2276 ||| IDENTIFYING brown potion
  2277 | D:3      | 2277 ||| READING 2 scrolls of identify.
  2277 | D:3      | 2277 ||| IDENTIFYING red potion
  2286 | D:3      | Became a worshipper of Warmaster Okawaru
  2286 | D:3      | 2286 ||| PLANNING D:1-11
  2287 | D:3      | 2287 ||| REMOVING amulet of guardian spirit.
  2408 | D:4      | Found a hide-covered altar of Uskayaw.
  2441 | D:4      | 2441 ||| READING scroll of enchant weapon.
  2441 | D:4      | 2441 ||| ENCHANTING +1 shortbow.
  2560 | D:4      | Reached XP level 5. HP: 32/32 MP: 5/5
  2621 | D:4      | Found a transporter.
  2642 | D:4      | Found a transporter.
  2668 | D:4      | Noticed Grinder
  2676 | D:4      | Killed Grinder
  2676 | D:4      | Reached * piety under Okawaru
  2677 | D:4      | Reached skill level 6 in Ranged Weapons
  2677 | D:4      | Reached XP level 6. HP: 29/37 MP: 6/6
  2946 | D:4      | Found a hazy altar of Hepliaklqana.
  2946 | D:4      | Found a radiant altar of Vehumet.
  2946 | D:4      | Found a stormy altar of Qazlal.
  2947 | D:4      | Found a glowing golden altar of the Shining One.
  2947 | D:4      | Found a burning altar of Makhleb.
  2951 | D:4      | Found a shimmering altar of Xom.
  3283 | D:4      | Noticed Edmund
  3284 | D:4      | 3284 ||| INVOKING Heroism.
  3290 | D:4      | HP: 9/37 [Edmund/+3 dire flail of draining (11)]
  3291 | D:4      | 3291 ||| READING 2 scrolls of teleportation.
  3292 | D:4      | Slain by Edmund

Levels and vault maps discovered:
D:1:      scummos_arrival_hexagon, layout_loops_corners, serial_shops, shop
D:2:      layout_basic, chequers_ecumenical_altar_simple, grunt_decor_clamped
D:3:      layout_loops_ring, okawaru_altar_gauntlet_db, ebering_ghost_gozag,
          uniq_ijyb
D:4:      gammafunk_wand_slinger, layout_loops_corners, minitemple, uniq_edmund,
          uniq_grinder

Skill      XL: |  1  2  3  4  5 |
---------------+----------------+-----
Ranged Weapons | 5 6 |  6.9
Armour         | 2 |  2.0
Fighting       | 3 |  3.3
Dodging        | |  1.5
Stealth        | |  1.1

Action                     |  1- 3 |  4- 6 || total
---------------------------+-------+-------++-------
   Fire: Shortbow          |   138 |    54 ||   192
 Invoke: Heroism           |       |     1 ||     1
    Use: Scroll            |     8 |     6 ||    14
         Potion            |     3 |       ||     3
 Armour: Leather armour    |    12 |       ||    12
         Ring mail         |    14 |    11 ||    25
  Dodge: Dodged            |    47 |    19 ||    66

Table legend:
 A = Non-vault XP
 B = Vault XP
 C = Vault XP percentage of total XP
 D = Non-vault monster count
 E = Vault monster count
 F = Vault count percentage of total count
                 A         B        C        D         E       F
            +---------+---------+-------+---------+---------+-------
      Total |     157 |     320 |  67.1 |      44 |       8 |  15.4
            +---------+---------+-------+---------+---------+-------
        D:1 |      47 |       0 |   0.0 |      27 |       0 |   0.0
        D:2 |       9 |       0 |   0.0 |       5 |       0 |   0.0
        D:3 |      50 |      48 |  49.0 |       6 |       7 |  53.8
        D:4 |      51 |     272 |  84.2 |       6 |       1 |  14.3
            +---------+---------+-------+---------+---------+-------
